 Dungeon Crawl Stone Soup version 0.18.1-50-g88ac8fd (webtiles) character file.

135 lorenzova the Conjurer (level 4, -3/24 HPs)
             Began as a Deep Elf Conjurer on Oct 8, 2016.
             Was a Follower of Vehumet.
             Slain by a worker ant (4 damage)
             ... on level 3 of the Dungeon.
             The game lasted 00:07:00 (2603 turns).

lorenzova the Conjurer (Deep Elf Conjurer)          Turns: 2603, Time: 00:07:01

Health: -3/24      AC:  2    Str:  5    XL:     4   Next: 96%
Magic:  2/13       EV: 13    Int: 21    God:    Vehumet [*.....]
Gold:   217        SH:  0    Dex: 15    Spells: 4 memorised, 4 levels left

rFire  + . .     SeeInvis .     n - +0 dagger (venom)
rCold  . . .     Gourm    .     a - +0 robe
rNeg   . . .     Faith    .     (no shield)
rPois  +         Spirit   .     (no helmet)
rElec  .         Dismiss  .     (no cloak)
rCorr  .         Reflect  .     (no gloves)
SustAt .         Harm     .     (no boots)
MR     .....                    i - amulet of inaccuracy (curse)
Stlth  ++........               j - ring of protection from fire
                                d - ring of poison resistance

@: not resistant to hostile enchantments, unstealthy
A: no striking features
a: Renounce Religion


You were on level 3 of the Dungeon.
You worshipped Vehumet.
Vehumet was aware of your devotion.
You were very hungry.

You visited 1 branch of the dungeon, and saw 4 of its levels.

You collected 217 gold pieces.

Inventory:

Hand Weapons
 n - a +0 dagger of venom (weapon)
Armour
 a - a +0 robe (worn)
Jewellery
 d - a ring of poison resistance (left hand)
 e - a cursed ring of loudness {unknown}
 h - a +1 ring of protection
 i - a cursed amulet of inaccuracy (around neck)
 j - a ring of protection from fire (right hand)
Potions
 f - a potion of flight
 m - 3 potions of curing {unknown}
 o - a potion of agility {unknown}
 q - a potion of berserk rage {unknown}
 r - a potion of cure mutation {unknown}
Books
 b - a book of Conjurations

   Spells                             Type                      Level
   a - Magic Dart                     Conjuration                  1
   b - Searing Ray                    Conjuration                  2
   c - Dazzling Spray                 Conjuration/Hexes            3
   d - Fulminant Prism                Conjuration/Hexes            4
   e - Iskenderun's Mystic Blast      Conjuration                  4
   f - Iskenderun's Battlesphere      Conjuration/Charms           5
Comestibles
 c - 3 bread rations
 g - a meat ration
 k - a royal jelly
 l - a slice of pizza


   Skills:
 - Level 2.4 Dodging
 - Level 2.4 Stealth
 + Level 5.4 Spellcasting
 + Level 5.7 Conjurations


You had 4 spell levels left.
You knew the following spells:

 Your Spells              Type           Power        Failure   Level  Hunger
a - Magic Dart            Conj           ####         1%          1    None
b - Dazzling Spray        Conj/Hex       ###...       12%         3    ##.....
c - Iskenderun's Mystic   Conj           ####....     12%         4    ####...
z - Flame Tongue          Conj/Fire      ###..        3%          1    None


Dungeon Overview and Level Annotations

Branches:
Dungeon (4/15)
 Temple: D:4-7

Altars:
Dithmenos
Elyvilon
Nemelex Xobeh
Okawaru
Vehumet
Yredelemnul

Annotations:
D:3 Robin


Message History

Aiming: Flame Tongue
Press: ? - help, Shift-Dir - straight line, f - worker ant
Aim: a worker ant The flame tongue misses the worker ant.
The worker ant bites you!
An orc comes into view.
An orc comes into view.
The worker ant bites you.
* * * LOW HITPOINT WARNING * * *
You see here 20 arrows.
The worker ant bites you!
* * * LOW HITPOINT WARNING * * *
Read which item? (? for menu, Esc to quit)
Okay, then.
Casting: Flame Tongue
Confirm with . or Enter, or press ? or * to list all spells.
Aiming: Flame Tongue
Press: ? - help, Shift-Dir - straight line, f/p - worker ant
Aim: a worker ant The flame tongue misses the worker ant.
The worker ant bites you.
You die...

########## #........#
######.######.#
#...@...# #.#######
###a##..# #.##....#
#(##..# ##.##.....
#.##..# #..#####.#
#o##..####........#
######.#.........#...<##
#..>........[...........
#.#..#.#................
# #..#.......#.#.#.#.#.#


You could see a worker ant and an orc.

Vanquished Creatures
  A jelly (D:3)
  3 adders (D:2)
  A gnoll (D:1)
  3 worms
  A dart slug (D:1)
  A giant gecko (D:3)
  2 giant cockroaches
  9 hobgoblins
  6 jackals (D:1)
  5 kobolds
  2 quokkas (D:3)
  A ball python (D:1)
  4 bats
  4 giant newts
  6 goblins
  9 rats (D:1)
  A toadstool (D:1)
59 creatures vanquished.

Vanquished Creatures (others)
  3 toadstools (D:1)
3 creatures vanquished.

Grand Total: 62 creatures vanquished

Notes
Turn   | Place    | Note
--------------------------------------------------------------
     0 | D:1      | lorenzova the Deep Elf Conjurer began the quest for the Orb.
     0 | D:1      | Reached XP level 1. HP: 10/10 MP: 6/6
   233 | D:1      | Reached XP level 2. HP: 15/15 MP: 4/8
   364 | D:1      | You fall through a shaft!
   364 | D:2      | Found a basalt altar of Yredelemnul.
   447 | D:2      | Found a radiant altar of Vehumet.
   447 | D:2      | Found a sparkling altar of Nemelex Xobeh.
   450 | D:2      | Became a worshipper of Vehumet
   554 | D:2      | Reached skill level 5 in Conjurations
   788 | D:1      | Reached XP level 3. HP: 19/19 MP: 8/10
   793 | D:1      | Learned a level 3 spell: Dazzling Spray
  1587 | D:2      | Reached XP level 4. HP: 24/24 MP: 4/12
  1648 | D:2      | Learned a level 4 spell: Iskenderun's Mystic Blast
  1653 | D:2      | Found a shadowy altar of Dithmenos.
  2062 | D:3      | Reached * piety under Vehumet
  2062 | D:3      | Offered knowledge of Flame Tongue by Vehumet.
  2065 | D:3      | Learned a level 1 spell: Flame Tongue
  2072 | D:3      | Found a white marble altar of Elyvilon.
  2166 | D:3      | Reached skill level 5 in Spellcasting
  2259 | D:3      | Found an iron altar of Okawaru.
  2275 | D:3      | Found a shadowy altar of Dithmenos.
  2561 | D:3      | Noticed Robin
  2602 | D:3      | HP: 1/24 [worker ant (7)]
  2603 | D:3      | Slain by a worker ant

Skill      XL: |  1  2  3  4 |
---------------+-------------+-----
Conjurations   | 5 |  5.7
Spellcasting   | 4 5 |  5.4
Dodging        | |  2.4
Stealth        | |  2.4

Action                   |  1- 3 |  4- 6 || total
-------------------------+-------+-------++-------
Melee: Unarmed           |     6 |       ||     6
       Dagger            |       |     3 ||     3
 Cast: Magic Dart        |    64 |    49 ||   113
       Flame Tongue      |       |     8 ||     8
       Iskenderun's Myst |       |     2 ||     2
  Use: Scroll            |       |     4 ||     4
  Eat: Chunk             |     2 |     2 ||     4
Armor: Robe              |     1 |     3 ||     4
Dodge: Dodged            |     5 |     6 ||    11
